 Dungeon Crawl Stone Soup version 0.27.0-1-g7a089689b8 (webtiles) character file.

Game seed: 8222956417122249372

9613 seveneves the Carver (level 11, -12/99 HPs)
             Began as a Minotaur Fighter on Aug 2, 2021.
             Was a Priest of Wu Jian.
             Mangled by a boulder beetle (15 damage)
             ... on level 2 of the Lair of Beasts.
             The game lasted 00:31:34 (8268 turns).

seveneves the Carver (Minotaur Fighter)             Turns: 8268, Time: 00:31:35

Health: -12/99     AC: 14    Str: 29    XL:     11   Next: 25%
Magic:  0/10       EV:  9    Int:  7    God:    Wu Jian [***...]
Gold:   578        SH: 12    Dex: 13    Spells: 10/10 levels left

rFire    . . .     SeeInvis .   f - +5 long sword (flame)
rCold    + . .     Faith    .   c - +0 kite shield
rNeg     . . .     Spirit   +   v - +0 storm dragon scales
rPois    .         Reflect  .   (helmet restricted)
rElec    +         Harm     .   t - scarf {repulsion}
rCorr    .         Rampage  .   (no gloves)
Will     .....                  (no boots)
Stlth    ..........             g - amulet of guardian spirit
HPRegen  0.26/turn              i - +6 ring of strength
MPRegen  0.12/turn              r - +4 ring of slaying

@: repel missiles
A: horns 2, retaliatory headbutt, agile 1, clever 1, cold resistance 1
a: Renounce Religion, Wall Jump, Serpent's Lash


You were on level 2 of the Lair of Beasts.
You worshipped Wu Jian.
Wu Jian was most pleased with you.
You visited 3 branches of the dungeon, and saw 13 of its levels.

You collected 578 gold pieces.

Inventory:

Hand Weapons
 a - a +3 long sword of flaming
 d - a +3 dire flail
 f - a +5 long sword of flaming (weapon)
Armour
 b - a +0 scale mail
 c - a +0 kite shield (worn)
 t - a scarf of repulsion (worn)
 v - +0 storm dragon scales (worn)
Jewellery
 g - an amulet of guardian spirit (around neck)
 i - a +6 ring of strength (left hand)
 j - a ring of positive energy
 q - a ring of fire
 r - a +4 ring of slaying (right hand)
Wands
 k - a wand of acid (3)
 p - a wand of flame (54) (quivered)
Scrolls
 e - 3 scrolls of teleportation
 h - a scroll of identify
 l - a scroll of fog
 m - a scroll of amnesia
 n - a scroll of fear
 u - 2 scrolls of blinking
Potions
 o - a potion of brilliance
 s - 2 potions of flight
 w - a potion of might
 x - a potion of curing


   Skills:
 + Level 9.7 Fighting
 + Level 13.3 Long Blades
 + Level 0.2 Throwing
 + Level 9.3 Armour
 + Level 3.9 Dodging
 + Level 2.1 Stealth
 + Level 9.4 Shields
 + Level 1.1 Evocations


You had 10 spell levels left.
You didn't know any spells.
Your spell library contained the following spells:

 Spells                   Type           Power      Damage    Failure   Level
 Beastly Appendage        Tmut           0%         N/A       99%         1
 Magic Dart               Conj           0%         1d3       99%         1
 Summon Small Mammal      Summ           0%         N/A       99%         1
 Corpse Rot               Necr/Air       N/A        N/A       99%         2
 Poisonous Vapours        Pois/Air       0%         N/A       99%         2
 Searing Ray              Conj           0%         3d3       99%         2
 Wereblood                Tmut           0%         N/A       99%         2
 Call Canine Familiar     Summ           0%         N/A       100%        3
 Portal Projectile        Hex/Tloc       0%         N/A       100%        3
 Spider Form              Tmut/Pois      0%         N/A       100%        3
 Summon Guardian Golem    Hex/Summ       0%         N/A       100%        3
 Dispel Undead            Necr           0%         3d6       100%        4
 Fulminant Prism          Conj/Hex       0%         3d6       100%        4
 Leda's Liquefaction      Hex/Erth       0%         N/A       100%        4
 Summon Lightning Spire   Summ/Air       0%         N/A       100%        4
 Conjure Ball Lightning   Conj/Air       0%         3x3d6     100%        6
 Death Channel            Necr           0%         N/A       100%        6


Dungeon Overview and Level Annotations

Branches:
Dungeon (10/15)            Temple (1/1) D:6            Lair (2/6) D:10
  Swamp: Lair:2-4    Shoals: Lair:2-4     Snake: Lair:2-4    Spider: Lair:2-4
    Orc: D:9-12

Altars:
Ashenzari
Cheibriados
Dithmenos
Elyvilon
Fedhas
Gozag
Hepliaklqana
Kikubaaqudgha
Makhleb
Nemelex Xobeh
Okawaru
Qazlal
Ru
Sif Muna
Uskayaw
Vehumet
Wu Jian
Xom
Yredelemnul
Zin
The Shining One

Annotations:
D:7 3 runed translucent doors, Thraspic's ghost, novice VSGl


Innate Abilities, Weirdness & Mutations

You have a pair of horns on your head.
You reflexively headbutt those who attack you in melee.
You are agile. (Dex +2)
Your mind is acute. (Int +2)
Your flesh is cold resistant. (rC+)


Message History

You kill the cane toad!
The Council accepts your kill.
You feel very sick.
You feel very sick.
Found a potion of curing.
You feel very sick.
You feel very sick.
You feel sick.
Found a scroll of identify.
You feel sick.
You feel sick.
Magic restored.
You feel sick.
You feel sick.
You feel sick.
You feel sick.
You are no longer poisoned.
x - a potion of curing A boulder beetle comes into view.
The boulder beetle curls into a ball and begins rolling!
You spin and attack the boulder beetle.
You hit the boulder beetle but do no damage.
The boulder beetle hits you!!!
* * * LOW HITPOINT WARNING * * *
The boulder beetle stops rolling and uncurls.
You barely miss the boulder beetle. You headbutt the boulder beetle!
The boulder beetle is moderately wounded.
You block the boulder beetle's attack.
You hit the boulder beetle but do no damage.
You headbutt the boulder beetle!!
The boulder beetle is heavily wounded.
The boulder beetle bites you!!
* * * LOW HITPOINT WARNING * * *
You hit the boulder beetle but do no damage.
The boulder beetle is heavily wounded.
You block the boulder beetle's attack.
You slash the boulder beetle! You burn the boulder beetle.
You headbutt the boulder beetle, but do no damage.
The boulder beetle is severely wounded.
The boulder beetle bites you!
You die...

......................
.#....#...........##
.#...##...........P#
###.##............#
#.##...........##
...#...........#
#.#............#
...#..........?#
.............@.#
.....#...###B..#
..#.##### #...# #...#
....# .#.... #.....#
....##


You could see a boulder beetle.

Vanquished Creatures
  A hydra (Lair:1)
  A black mamba (Lair:1)
  A cane toad (Lair:2)
  A gargoyle (D:10)
  A kobold demonologist (D:10)
  A rime drake (Lair:1)
  Sigmund (D:4)
  A wraith (D:9)
  11 yaks
  A basilisk (Lair:1)
  Menkaure (D:6)
  An acid dragon (D:10)
  5 water moccasins
  4 orc warriors
  6 black bears
  2 centaurs (D:9)
  4 ogres
  3 wolves (Lair:1)
  A phantom (D:6)
  8 bullfrogs
  2 scorpions
  2 gnoll sergeants
  3 killer bees (D:8)
  The ghost of Almightybob the Skirmisher, a weakling DsCK of Xom (D:3)
  13 wights
  A howler monkey (D:9)
  4 centaur zombies
  A bullfrog zombie (D:6)
  2 hounds
  Crazy Yiuf (D:7)
  A bullfrog skeleton (D:4)
  5 orc priests
  A centaur skeleton (D:6)
  Jessica (D:3)
  2 iguanas
  3 orc wizards (D:10)
  A killer bee zombie (D:3)
  A hound zombie (D:3)
  A hound skeleton (D:4)
  2 howler monkey zombies
  14 gnolls
  A howler monkey skeleton (D:7)
  3 adders
  A shadow imp (D:7)
  A white imp (D:8)
  An ufetubus (D:5)
  2 worms (D:2)
  4 dart slugs
  24 orcs
  5 ball pythons
  3 bats
  3 endoplasms
  6 giant cockroaches
  8 goblins
  4 hobgoblins
  10 jackals
  4 quokkas
  A ball python zombie (D:3)
  12 kobolds
  4 rats
214 creatures vanquished.

Vanquished Creatures (others)
  An acid dragon (D:9)
  An orc (D:10)
  29 fungi (D:10)
  37 plants
68 creatures vanquished.

Grand Total: 282 creatures vanquished

Notes
Turn   | Place    | Note
-------+----------+-------------------------------------------
     0 | D:1      | seveneves the Minotaur Fighter began the quest for the Orb.
     0 | D:1      | Reached XP level 1. HP: 19/19 MP: 0/0
    64 | D:1      | Found a faded altar of an unknown god.
   229 | D:1      | Reached XP level 2. HP: 27/27 MP: 1/1
   569 | D:2      | Found an ancient bone altar of Kikubaaqudgha.
   662 | D:2      | Reached skill level 3 in Long Blades
   662 | D:2      | Reached XP level 3. HP: 25/33 MP: 2/2
  1337 | D:3      | Found a runed translucent gate.
  1337 | D:3      | Found a runed translucent gate.
  1337 | D:3      | Found a runed translucent gate.
  1337 | D:3      | Noticed Almightybob's ghost (weakling DsCK)
  1339 | D:3      | Found a basalt altar of Yredelemnul.
  1339 | D:3      | Noticed Jessica
  1344 | D:3      | Killed Jessica
  1345 | D:3      | Reached XP level 4. HP: 40/40 MP: 3/3
  1347 | D:3      | Reached skill level 4 in Long Blades
  1364 | D:3      | Killed Almightybob's ghost
  1365 | D:3      | Reached XP level 5. HP: 34/46 MP: 4/4
  1604 | D:3      | Reached skill level 5 in Long Blades
  1904 | D:4      | Reached skill level 6 in Long Blades
  1965 | D:4      | Found a glowing silver altar of Zin.
  2118 | D:4      | Reached skill level 5 in Armour
  2118 | D:4      | Reached XP level 6. HP: 21/52 MP: 5/5
  2158 | D:4      | Gained mutation: Your flesh is cold resistant. (rC+)
                  | [potion of mutation]
  2158 | D:4      | Gained mutation: Your mind is acute. (Int +2) [potion of
                  | mutation]
  2158 | D:4      | Gained mutation: You are agile. (Dex +2) [potion of
                  | mutation]
  2525 | D:4      | Noticed Sigmund
  2530 | D:4      | Killed Sigmund
  2531 | D:4      | Reached skill level 1 in Dodging
  2531 | D:4      | Reached XP level 7. HP: 39/60 MP: 6/6
  2827 | D:5      | Entered Level 5 of the Dungeon
  2834 | D:5      | Reached skill level 7 in Long Blades
  2834 | D:5      | Reached skill level 5 in Shields
  3011 | D:5      | Found a shimmering blue altar of Sif Muna.
  3020 | D:5      | Found a hide-covered altar of Uskayaw.
  3022 | D:5      | Found a shadowy altar of Dithmenos.
  3134 | D:5      | You fall into a shaft and drop 3 floors!
  3375 | D:6      | Reached skill level 8 in Long Blades
  3375 | D:6      | Reached XP level 8. HP: 67/67 MP: 7/7
  3433 | D:6      | Reached skill level 5 in Fighting
  3437 | D:6      | Noticed Menkaure
  3442 | D:6      | Killed Menkaure
  3645 | D:6      | Found a staircase to the Ecumenical Temple.
  3654 | Temple   | Entered the Ecumenical Temple
  3683 | Temple   | Became a worshipper of the Wu Jian Council
  3918 | D:6      | Reached skill level 9 in Long Blades
  4364 | D:7      | Found a sparkling altar of Nemelex Xobeh.
  4617 | D:7      | Found a runed translucent door.
  4618 | D:7      | Noticed Crazy Yiuf
  4625 | D:7      | Killed Crazy Yiuf
  4675 | D:7      | Found a runed translucent gate.
  4675 | D:7      | Reached * piety under Wu Jian
  4676 | D:7      | Found a runed translucent gate.
  4690 | D:7      | Found a runed translucent gate.
  4690 | D:7      | Noticed a kobold demonologist
  4691 | D:7      | Noticed Thraspic's ghost (novice VSGl)
  4999 | D:8      | Reached XP level 9. HP: 75/75 MP: 8/8
  5035 | D:8      | Reached skill level 10 in Long Blades
  5142 | D:8      | Found a snail-covered altar of Cheibriados.
  5562 | D:9      | Found a sacrificial altar of Ru.
  6033 | D:9      | Reached skill level 11 in Long Blades
  6033 | D:9      | Reached skill level 1 in Stealth
  6295 | D:10     | Entered Level 10 of the Dungeon
  6295 | D:10     | Found an ancient bone altar of Kikubaaqudgha.
  6295 | D:10     | Found an opulent altar of Gozag.
  6309 | D:10     | Noticed a gargoyle
  6310 | D:10     | Reached ** piety under Wu Jian
  6326 | D:10     | Killed a gargoyle
  6327 | D:10     | Reached XP level 10. HP: 33/88 MP: 4/9
  6450 | D:10     | Found a staircase to the Lair.
  6827 | D:10     | Reached skill level 12 in Long Blades
  7035 | D:10     | Got the Disquisition on Hexes and the Birds
  7084 | Lair:1   | Entered Level 1 of the Lair of Beasts
  7173 | Lair:1   | Noticed a four-headed hydra
  7176 | Lair:1   | Killed a two-headed hydra
  7253 | Lair:1   | Reached XP level 11. HP: 93/97 MP: 8/10
  7256 | Lair:1   | Reached skill level 13 in Long Blades
  7268 | Lair:1   | Reached *** piety under Wu Jian
  7269 | Lair:1   | Reached skill level 1 in Evocations
  8260 | Lair:2   | Noticed a boulder beetle
  8266 | Lair:2   | HP: 3/99 [boulder beetle (18)]
  8268 | Lair:2   | Mangled by a boulder beetle

Illustrated notes

Levels and vault maps discovered:
D:1:      nzn_arrival_depleted_hourglass, layout_rooms,
          ebering_ecumenical_altar_box, chequers_serial_rivers_marsh,
          minmay_pentomino_q2
D:2:      layout_loops_ring, basic_altar, minmay_misc_feat_cross
D:3:      minmay_chambers_of_threes, layout_rooms,
          nicolae_yredelemnul_ghost_church, uniq_jessica
D:4:      layout_gridville, mainiacjoe_overflow_brackets,
          hangedman_decor_lopped, uniq_sigmund
D:5:      layout_basic, nicolae_sif_muna_condensation,
          mainiacjoe_overflow_catwalk_spiral
D:6:      layout_loops_corners, minmay_temple_entry_poolview, uniq_menkaure
D:7:      layout_loops_ring, nemelex_spade_bored_becter,
          gammafunk_ghost_nasty_kobolds, uniq_crazy_yiuf_cottage
D:8:      layout_basic, cheibriados_altar_1
D:9:      layout_cave_pools, mainiacjoe_overflow_boulevard,
          serial_co_window_serial, co_window_paths_a, co_window_paths_a,
          co_window_paths_a, co_window_of_opportunity_a,
          co_window_of_opportunity_a, co_window_corner_b, co_window_broadway_c,
          co_window_corner_cb, co_window_2corner, co_window_4corner_b,
          grunt_ministairs_2, uniq_psyche
D:10:     layout_stronghold, chequers_temple_overflow_statue_of_worship,
          due_lair_maze_entry_diamond
Temple:   minmay_temple_bridge_abc
Lair:1:   layout_roguey, grunt_megastairs_1, infiniplex_staircase_pool_2
Lair:2:   layout_chaotic_city, guppyfry_snake_entry_garden, beast_lair_carwin_7,
          uniq_maggie

Skill      XL: |  1  2  3  4  5  6  7  8  9 10 11 |
---------------+----------------------------------+-----
Shields        | 4 5 6 7 9 |  9.4
Armour         | 4 5 6 7 8 9 |  9.3
Long Blades    | 3 4 6 8 9 11 12 13 | 13.3
Fighting       | 4 6 7 9 |  9.7
Dodging        | 1 2 3 |  3.9
Stealth        | 1 2 |  2.1
Evocations     | 1 |  1.1
Throwing       | |  0.2

Action                   |  1- 3 |  4- 6 |  7- 9 | 10-12 || total
-------------------------+-------+-------+-------+-------++-------
Melee: Long sword        |    91 |    92 |   213 |   150 ||   546
       Headbutt          |    12 |    18 |    54 |    39 ||   123
Throw: Javelin           |       |     1 |       |       ||     1
Invok: Lunge             |       |       |    21 |     4 ||    25
       Whirlwind         |       |       |     2 |     2 ||     4
Evoke: Wand              |       |       |     2 |     2 ||     4
  Use: Scroll            |     4 |     4 |     7 |     5 ||    20
       Potion            |     2 |     4 |     9 |     1 ||    16
 Stab: Invisible         |       |       |     3 |       ||     3
Armor: Scale mail        |    34 |    60 |    22 |    37 ||   153
       Storm dragon scal |       |       |       |     3 ||     3
Dodge: Dodged            |    23 |    42 |    61 |    42 ||   168
       Repelled          |       |       |     1 |       ||     1
Block: Kite shield       |    43 |    58 |   111 |    80 ||   292
       Rpst.: Long sword |     7 |     8 |     8 |     9 ||    32
